 Dungeon Crawl Stone Soup version 0.27.0-1-g7a089689b8 (webtiles) character file.

Game seed: 5160048130013705924

140 Crownlay the Covert (level 5, -1/34 HPs)
             Began as an Octopode Brigand on Aug 12, 2021.
             Succumbed to Ijyb's poison
             ... on level 3 of the Dungeon.
             The game lasted 00:03:10 (2121 turns).

Crownlay the Covert (Octopode Brigand)              Turns: 2121, Time: 00:03:10

Health: -1/34      AC:  1    Str: 11    XL:     5   Next: 23%
Magic:  5/5        EV: 12    Int: 13    God:
Gold:   96         SH:  0    Dex: 14    Spells: 4/4 levels left

rFire    . . .     SeeInvis .   e - +2 dagger (speed)
rCold    . . .     Faith    .   (no shield)
rNeg     . . .     Spirit   .   (helmet restricted)
rPois    .         Reflect  .   (no amulet)
rElec    .         Harm     .   (no ring)
rCorr    .         Rampage  .   (no ring)
Will     .....                  (no ring)
Stlth    +++++.....             (no ring)
HPRegen  0.11/turn              (no ring)
MPRegen  0.09/turn              (no ring)
                                (no ring)
                                (no ring)

@: lethally poisoned (-1 -> -9), hasted, very quick
A: almost no armour, amphibious, 8 rings, camouflage 1, gelatinous body 1,
(nimble swimmer 1), tentacles
a: no special abilities


You were on level 3 of the Dungeon.
You visited 1 branch of the dungeon, and saw 3 of its levels.

You collected 96 gold pieces.

Inventory:

Hand Weapons
 e - a +2 dagger of speed (weapon)
Missiles
 b - 11 poisoned darts (quivered)
 c - 2 curare-tipped darts
 h - 7 javelins
Scrolls
 a - a scroll of amnesia {unknown}
 d - a scroll of immolation {unknown}
 i - a scroll of teleportation {unknown}
 j - a scroll of identify {unknown}
Potions
 g - a potion of lignification {unknown}
 k - a potion of resistance {unknown}
 l - a potion of invisibility {unknown}
 m - a potion of ambrosia {unknown}
 n - a potion of attraction {unknown}


   Skills:
 - Level 2.0 Fighting
 - Level 2.0 Short Blades
 - Level 2.0 Throwing
 - Level 1.0 Dodging
 + Level 8.9 Stealth


You had 4 spell levels left.
You didn't know any spells.
Your spell library contained the following spells:

 Spells                   Type           Power      Damage    Failure   Level
 Beastly Appendage        Tmut           0%         N/A       30%         1
 Wereblood                Tmut           0%         N/A       43%         2
 Spider Form              Tmut/Pois      0%         N/A       67%         3


Dungeon Overview and Level Annotations

Branches:
Dungeon (3/15)

Altars:

Annotations:
D:3 2 runed translucent doors, Ijyb


Innate Abilities, Weirdness & Mutations

You cannot wear most types of armour.
You are amphibious.
You can wear up to eight rings at the same time.
Your skin changes colour to match your surroundings (Stealth+).
Your rubbery body absorbs attacks. (AC +1, EV +1)
((You are camouflaged near water. (Stealth+)))
You have tentacles for arms and can constrict up to eight enemies at once.


Message History

The goblin barely misses you.
You hit the goblin but do no damage. You grab the goblin.
You squeeze the goblin.
You kill the goblin!
The goblin hits you with a +0 dagger.
Ijyb zaps a wand.
Your will is overpowered!
You are confused.
The goblin hits you with a +0 dagger.
You are too confused!
You are too confused!
You are too confused!
You are too confused!
You are too confused!
You are too confused!
You bump into the granite statue.
The goblin hits you with a +0 dagger. The goblin closely misses you.
You closely miss the goblin.
An orc comes into view. It is wielding a +0 dagger.
You miss the goblin. You squeeze the goblin.
You kill the goblin!
The goblin barely misses you. The goblin barely misses you.
Ijyb hits you with a +2 dagger of venom.
You are poisoned.
The goblin hits you with a +0 dagger.
You see here a +0 dagger.
You closely miss Ijyb.
You feel very sick. The goblin hits you with a +0 club.
Ijyb hits you with a +2 dagger of venom.
* * * LOW HITPOINT WARNING * * *
* * * LOW HITPOINT WARNING * * *
You feel sick. The goblin hits you with a +0 dagger.
* * * LOW HITPOINT WARNING * * *
You hit the goblin but do no damage.
* * * LOW HITPOINT WARNING * * *
You feel sick. The goblin hits you with a +0 dagger.
* * * LOW HITPOINT WARNING * * *
It was a potion of haste.
You feel yourself speed up.
You feel less confused.
You die...

#....#[## #.#
#8.....8#....8+8# #..
#(......#.......# ##..
#8..(..8#.......######...
#.......#..............).
#8.....8#.....†######.#..
#....(..#.....)######.))#
#8....g8#.###......####.#
..(....g@.##........###.#
....o(.gg.#.............#
########..#........<.####
#.............#
#.##..........#
#.##..........#
#.###........##
#.###....†...##
#.##..........#


You could see Ijyb, an orc and 3 goblins.

Vanquished Creatures
  An iguana (D:2)
  5 adders
  A worm (D:2)
  A dart slug (D:1)
  4 orcs (D:3)
  7 ball pythons
  2 bats (D:2)
  3 endoplasms
  3 giant cockroaches (D:2)
  7 goblins
  5 hobgoblins
  6 jackals (D:2)
  7 kobolds
  A quokka (D:2)
  2 frilled lizards
  4 rats
59 creatures vanquished.

Vanquished Creatures (others)
  2 withered plants (D:2)
2 creatures vanquished.

Grand Total: 61 creatures vanquished

Notes
Turn   | Place    | Note
-------+----------+-------------------------------------------
     0 | D:1      | Crownlay the Octopode Brigand began the quest for the Orb.
     0 | D:1      | Reached XP level 1. HP: 14/14 MP: 1/1
   155 | D:1      | Reached XP level 2. HP: 19/19 MP: 2/2
   158 | D:1      | Reached skill level 6 in Stealth
   739 | D:2      | Reached XP level 3. HP: 13/24 MP: 3/3
   757 | D:2      | Reached skill level 7 in Stealth
  1053 | D:2      | Found a faded altar of an unknown god.
  1083 | D:2      | Reached XP level 4. HP: 26/29 MP: 4/4
  1345 | D:2      | Reached skill level 8 in Stealth
  1874 | D:3      | Reached XP level 5. HP: 34/34 MP: 5/5
  1891 | D:3      | Found a large runed translucent door.
  2086 | D:3      | Found a large runed translucent door.
  2106 | D:3      | Noticed Ijyb
  2120 | D:3      | HP: 1/34 [goblin (1)]
  2121 | D:3      | Succumbed to Ijyb's poison

Illustrated notes

Levels and vault maps discovered:
D:1:      dpeg_arrival_stonehenge_8_columns, layout_basic
D:2:      layout_rooms, ebering_ecumenical_altar_petrified, minivault_24,
          minmay_mini_jars
D:3:      kennysheep_the_goblin_king, layout_rooms,
          mainiacjoe_overflow_cross_hatched, jmf_multi_god_temple2,
          gammafunk_ghost_necromancy, kennysheep_generic_room_7

Skill      XL: |  1  2  3  4 |
---------------+-------------+-----
Stealth        | 6 7 8 |  8.9
Fighting       | |  2.0
Short Blades   | |  2.0
Throwing       | |  2.0
Dodging        | |  1.0

Action                   |  1- 3 |  4- 6 || total
-------------------------+-------+-------++-------
Melee: Dagger            |    57 |    65 ||   122
       Tentacles         |     9 |    13 ||    22
       Constrict         |    11 |    15 ||    26
Throw: Dart              |     3 |    10 ||    13
  Use: Potion            |       |     1 ||     1
 Stab: Sleeping          |     9 |     6 ||    15
Armor: Skin              |     2 |     4 ||     6
Dodge: Dodged            |    25 |    39 ||    64
